 Dungeon Crawl Stone Soup version 0.31-a0-229-g1fc7ce93e2 (webtiles) character file.

Game seed: 3402926904116818695

568 innerfire43 the Trooper (level 7, -2/56 HPs)
             Began as a Demonspawn Monk on July 6, 2023.
             Was a Priest of Wu Jian.
             Killed from afar by a white imp (5 damage)
             ... with a puff of frost
             ... summoned by Eustachio
             ... on level 5 of the Dungeon.
             The game lasted 00:04:34 (3366 turns).

innerfire43 the Trooper (Demonspawn Monk)           Turns: 3366, Time: 00:04:35

Health: -2/56      AC: 13    Str: 13    XL:     7   Next: 11%
Magic:  7/7        EV: 12    Int: 12    God:    Wu Jian [***...]
Gold:   235        SH:  0    Dex: 15    Spells: 6/6 levels left

rFire   + . .        s - +0 war axe
rCold   . . .        d - orb {light}
rNeg    . . .        k - +3 ring mail {rF+}
rPois   .            (no helmet)
rElec   .            (no cloak)
rCorr   +            (no gloves)
SInv    .            (no boots)
Will    +....        (no amulet) Stlth
                     l - ring of resist corrosion
HPRegen 0.29/turn    t - +4 ring of protection
MPRegen 0.10/turn

%: no passive effects
@: confused, brilliant, ambrosia-drunk, enlightened, flying, glowing
A: claws 1, rugged brown scales 1, demonic guardian 1
a: Renounce Religion, Wall Jump, Serpent's Lash


You were on level 5 of the Dungeon.
You worshipped Wu Jian.
Wu Jian was most pleased with you.
You visited 1 branch of the dungeon, and saw 5 of its levels.

You collected 235 gold pieces.

Inventory:

Hand Weapons
 a - a +0 hand axe
 s - a +0 war axe (weapon)
Armour
 b - a +0 robe
 d - an orb of light (worn)
 k - a +3 ring mail of fire resistance (worn)
 r - the +0 kite shield of the Garden {rF+}
   (You found it on level 4 of the Dungeon)

   rF:        It protects you from fire.
Jewellery
 i - a ring of protection from cold
 l - a ring of resist corrosion (left claw)
 q - a ring of protection from cold
 t - a +4 ring of protection (right claw)
Scrolls
 e - 4 scrolls of identify {unknown}
 f - 2 scrolls of noise {unknown}
 g - a scroll of enchant armour {unknown}
 h - 2 scrolls of teleportation {unknown}
 j - a scroll of immolation {unknown}
 n - 3 scrolls of poison {unknown}
 o - a scroll of amnesia {unknown}
 p - a scroll of vulnerability {unknown}
 x - a scroll of brand weapon {unknown}
Potions
 m - 2 potions of brilliance


   Skills:
 + Level 4.6 Fighting
 + Level 4.2 Axes
 * Level 3.7 Armour
 + Level 4.2 Dodging


You had 6 spell levels left.
You didn't know any spells.
Your spell library contained the following spells:

 Spells                   Type           Power      Damage    Failure   Level
 Foxfire                  Conj/Fire      0%         2x1d4     56%         1
 Magic Dart               Conj           0%         1d3       56%         1
 Shock                    Conj/Air       0%         1d3       56%         1
 Call Imp                 Summ           0%         N/A       71%         2
 Mephitic Cloud           Conj/Pois/Air  0%         N/A       90%         3
 Swiftness                Air            0%         N/A       90%         3
 Airstrike                Air            0%         2d(0-16)  100%        4
 Fireball                 Conj/Fire      0%         3d3       100%        5
 Plasma Beam              Fire/Air       0%         2x1d10    100%        6
 Starburst                Conj/Fire      0%         6d3       100%        6


Dungeon Overview and Level Annotations

Branches:
Dungeon (5/15)
 Temple: D:4-7

Altars:
Ashenzari
Sif Muna
Wu Jian

Shops:
D:1 *   D:3 :

Annotations:
D:5 Eustachio, Menkaure


Innate Abilities, Weirdness & Mutations

You have sharp fingernails.
You are partially covered in rugged brown scales. (AC +1, +3% HP)
A weak demonic guardian rushes to your aid.


Message History

Menkaure points at you and mumbles some strange words.
You resist with some effort. The iron imp barely misses you.
The adder barely misses you. Eustachio completely misses you.
You barely miss Menkaure.
Menkaure is severely damaged.
You miss the adder. You hit Eustachio.
You hit the iron imp but do no damage. x2
Menkaure hits you.
The iron imp hits you but does no damage.
The adder completely misses you.
The rat twitches its whiskers.
The iron imp barely misses you. Eustachio hits you but does no damage.
Menkaure hits you but does no damage.
The quokka bites you but does no damage.
The iron imp closely misses you.
You closely miss Menkaure.
Menkaure is severely damaged.
You hit the quokka.
You kill the quokka!
The quokka's corpse disappears in a puff of smoke!
You barely miss the adder. You barely miss Eustachio. You hit the iron imp.
You hit the iron imp but do no damage. The adder barely misses you.
Menkaure calls on the powers of darkness!
The adder convulses!
Your body is wracked with pain!
Eustachio convulses!
The river rat convulses!
The white imp sputters.
Eustachio misses you. The adder barely misses you. The iron imp hits you.
* * * LOW HITPOINT WARNING * * *
The iron imp hits you but does no damage.
You barely miss Eustachio.
Eustachio is heavily wounded.
You hit the rat but do no damage. You hit Menkaure but do no damage.
You completely miss the adder. You hit the iron imp.
You barely miss the iron imp.
The iron imp disappears in a puff of smoke!
The adder barely misses you. Menkaure hits you!
* * * LOW HITPOINT WARNING * * *
A demonic guardian appears!
The rat closely misses you. The white imp gestures at you.
The puff of frost hits you.
You die...

.#.##.#.# .#.##.#.#
#.......#
.#.##.#.#####.#.......##
..†.....................
.#....#.#####.#........
.######.# #.#......# .#
#.#####.#.5?..# .#
#.#.....#S§M.#
.######.....#.r@@.#
.#........#.#..5r#.#.#
.#.########.....#5#.#.#
.....#....#.#.#.# #
#.....#.#.#.#.# .
#....#.#.#.#.#.# .
#.#...#.#.#.#.#.
#......#.#.#.#.#
##......#.#.#.#.


You could see Eustachio, Menkaure (fast), an iron imp (summoned), an adder, a
river rat (summoned), a white imp (summoned), a rat (summoned, ally target) and
a friendly white imp (summoned).

Vanquished Creatures
  A black bear (D:5)
  An ice beast (D:5)
  A hound (D:5)
  2 orc priests
  5 orc wizards
  5 adders
  3 worms
  10 orcs
  8 ball pythons
  4 bats
  5 endoplasms
  2 giant cockroaches
  8 hobgoblins
  7 jackals
  7 kobolds
  4 quokkas
  6 frilled lizards
  6 goblins
  7 rats
92 creatures vanquished.

Vanquished Creatures (collateral kills)
  A hound (D:5)
1 creature vanquished.

Grand Total: 93 creatures vanquished

Notes
Turn   | Place    | Note
-------+----------+-------------------------------------------
     0 | D:1      | innerfire43 the Demonspawn Monk began the quest for the
                  | Orb.
     0 | D:1      | Reached XP level 1. HP: 18/18 MP: 1/1
   155 | D:1      | Found Jomib's General Store.
   161 | D:1      | Gained mutation: You are partially covered in rugged brown
                  | scales. (AC +1, +3% HP) [demonic ancestry]
   161 | D:1      | Reached XP level 2. HP: 18/24 MP: 2/2
   830 | D:2      | Reached XP level 3. HP: 29/29 MP: 3/3
  1462 | D:3      | Reached skill level 1 in Armour
  1462 | D:3      | Reached XP level 4. HP: 22/38 MP: 4/4
  1626 | D:3      | Found a faded altar of an unknown god.
  1630 | D:3      | Found a shimmering blue altar of Sif Muna.
  1724 | D:3      | Found a faded altar of an unknown god.
  1768 | D:3      | Prayed at the altar of an unknown god.
  1768 | D:3      | Became a worshipper of the Wu Jian Council
  1768 | D:3      | Reached * piety under Wu Jian
  1768 | D:3      | Reached ** piety under Wu Jian
  1775 | D:3      | Gained mutation: You have sharp fingernails. [demonic
                  | ancestry]
  1775 | D:3      | Reached XP level 5. HP: 41/43 MP: 5/5
  1809 | D:3      | Reached *** piety under Wu Jian
  1947 | D:3      | Found a broken altar of Ashenzari.
  2380 | D:3      | Found Taelaj's Book Boutique.
  2481 | D:4      | Identified the +0 kite shield of the Garden {rF+}
  2577 | D:4      | Gained mutation: A weak demonic guardian rushes to your
                  | aid. [demonic ancestry]
  2577 | D:4      | Reached XP level 6. HP: 35/49 MP: 6/6
  3166 | D:5      | Entered Level 5 of the Dungeon
  3184 | D:5      | Noticed an ice beast
  3191 | D:5      | Killed an ice beast
  3342 | D:5      | Noticed Eustachio
  3348 | D:5      | Noticed Menkaure
  3357 | D:5      | Reached XP level 7. HP: 7/56 MP: 7/7
  3366 | D:5      | Killed from afar by a white imp

Illustrated notes

Levels and vault maps discovered:
D:1:      wheals_arrival_shading, layout_loops_cross, serial_shops, shop_statue,
          ebering_dispersal_statue_hall
D:2:      layout_basic
D:3:      cheibrodos_pilgrimage, layout_basic,
          nicolae_overflow_ecumenical_swirl, evilmike_ruin_ashenzari,
          basic_ecumenical_altar, serial_shops, nicolae_shop_back_alley_shop,
          nicolae_underground_beach
D:4:      layout_basic
D:5:      layout_basic, nicolae_the_louvre, uniq_eustachio, uniq_menkaure

Skill      XL: |  1  2  3  4  5  6 |
---------------+-------------------+-----
Axes           | 3 4 |  4.2
Dodging        | 3 4 |  4.2
Armour         | 1 2 3 |  3.7
Fighting       | 4 |  4.6

Action                     |  1- 3 |  4- 6 |  7- 9 || total
---------------------------+-------+-------+-------++-------
  Melee: Hand axe          |   118 |   112 |       ||   230
         War axe           |       |    56 |     5 ||    61
Ability: Lunge             |       |     7 |       ||     7
    Use: Potion            |       |       |     5 ||     5
 Armour: Robe              |    11 |       |       ||    11
         Ring mail         |    25 |   132 |    13 ||   170
  Dodge: Dodged            |    73 |   151 |    24 ||   248

Table legend: (Time is in decaauts)
 A = Elapsed time spent in this place.
 B = Non-inter-level travel time spent in this place.
 C = Inter-level travel time spent in this place.
 D = Time resting spent in this place.
 E = Time spent auto-exploring this place.
 F = Levels seen in this place.
 G = Mean time per level.
                   A        B        C        D        E       F      G
               +--------+--------+--------+--------+--------+-----+--------+
         Total |   3410 |   3343 |     67 |      0 |   2649 |   5 |  682.0 |
       Dungeon |   3410 |   3343 |     67 |      0 |   2649 |   5 |  682.0 |
               +--------+--------+--------+--------+--------+-----+--------+

Top non-repeatable levels by time:
     D:3: 1035 daAuts
     D:1: 810 daAuts
     D:4: 712 daAuts
     D:2: 642 daAuts
     D:5: 209 daAuts
